 Dungeon Crawl Stone Soup version 0.19-a0-1932-g59670f6 (webtiles) character file.

13490 beholder the Archer (level 11, -2/86 HPs)
             Began as a Centaur Hunter on Oct 25, 2016.
             Was a High Priest of Okawaru.
             Slain by a yak (10 damage)
             ... on level 12 of the Dungeon.
             The game lasted 01:12:50 (11974 turns).

beholder the Archer (Centaur Hunter)               Turns: 11974, Time: 01:12:51

Health: -2/86      AC: 16    Str: 15    XL:     11   Next: 76%
Magic:  18/18      EV: 12    Int: 10    God:    Okawaru [*****.]
Gold:   1009       SH:  0    Dex: 13    Spells: 0 memorised, 10 levels left

rFire  . . .     SeeInvis .     a - +1 shortbow
rCold  . . .     Gourm    .     J - +0 troll leather armour
rNeg   + . .     Faith    .     (shield currently unavailable)
rPois  .         Spirit   .     B - +1 hat
rElec  .         Reflect  .     D - +2 cloak
rCorr  .         Harm     .     n - +2 pair of gloves
MR     .....     Rnd*Tele +     F - +0 centaur barding
Stlth  ++........               o - amulet of regeneration
                                b - ring of stealth
                                e - ring of positive energy

@: lethally poisoned (-2 -> -3), very quick
A: hooves 3, deformed body, speed 2, teleportitis 1, tough skin 3
a: Heroism, Finesse, Renounce Religion


You were on level 12 of the Dungeon.
You worshipped Okawaru.
Okawaru was extremely pleased with you.
You were not hungry.

You visited 2 branches of the dungeon, and saw 13 of its levels.

You collected 1009 gold pieces.

Inventory:

Hand Weapons
 a - a +1 shortbow (weapon)
 H - a +4 quarterstaff of chaos
 U - a +2 short sword of electrocution
Missiles
 d - 102 arrows (quivered)
Armour
 c - a +2 leather armour of cold resistance
 n - a +2 pair of gloves (worn)
 r - a +0 helmet
 B - a +1 hat (worn)
 D - a +2 cloak (worn)
 F - a +0 centaur barding (worn)
 I - a +3 leather armour of fire resistance
 J - a +0 troll leather armour (worn)
 Q - a +0 leather armour of magic resistance
Jewellery
 b - a ring of stealth (right hand)
 e - a ring of positive energy (left hand)
 o - an amulet of regeneration (around neck)
 E - a +3 ring of intelligence
Wands
 t - a wand of confusion (0/48)
 w - a wand of digging (3/24)
 G - a wand of flame (30/48)
 M - a wand of random effects (12/48)
 P - a wand of hasting (6/9)
 W - a wand of iceblast (6/15)
Scrolls
 j - 3 scrolls of teleportation {unknown}
 p - 2 scrolls of magic mapping {unknown}
 x - a scroll of enchant weapon {unknown}
 y - a scroll of blinking {unknown}
 K - 2 scrolls of remove curse
 L - a scroll of fear {unknown}
 N - a scroll of enchant armour {unknown}
 O - a scroll of fog {unknown}
 S - a scroll of identify
 X - a scroll of torment {unknown}
Potions
 g - a potion of lignification
 h - a potion of berserk rage
 q - 2 potions of curing
 s - a potion of flight
 z - a potion of haste
 A - 2 potions of brilliance
Comestibles
 f - 13 bread rations
 i - 4 meat rations
 k - 3 fruits
 l - 8 slices of pizza
 m - 4 beef jerkies
 u - 2 royal jellies
 v - 9 chunks of flesh


   Skills:
 - Level 5.0 Fighting
 - Level 14.0 Bows
 + Level 9.6 Dodging
 - Level 0.4 Stealth
 - Level 10.0 Invocations


You had 10 spell levels left.
You didn't know any spells.

Dungeon Overview and Level Annotations

Branches:
Dungeon (12/15)            Temple (1/1) D:6            Lair (0/6) D:11
    Orc (0/2) D:9

Altars:
Cheibriados
Dithmenos
Fedhas
Gozag
Kikubaaqudgha
Makhleb
Nemelex Xobeh
Okawaru
Uskayaw
Zin

Shops:
D:10 (


Innate Abilities, Weirdness & Mutations

You have hooves in place of feet.
Armour fits poorly on your strangely shaped body.
You cover ground very quickly.
You have extremely tough skin. (AC +3)
You are occasionally teleported next to monsters.


Message History

The deep elf mage casts a spell.
You take 1 damage, and have 30/86 hp.
Firing (i - inventory):
d - 103 arrows (quivered)
Press: ? - help, Shift-Dir - straight line, f/p - deep elf mage
Aim: a deep elf mage, wielding a short sword of venom (severely wounded)
You shoot an arrow.
The arrow closely misses the deep elf mage.
The arrow hits the earth elemental but does no damage.
You feel sick. The yak closely misses you.
The deep elf mage casts a spell at you. The stone arrow hits you!
* * * LOW HITPOINT WARNING * * *
You take 22 damage, and have 8/86 hp.
MASSIVE DAMAGE!!
Evoke which item? (* to show all) (? for menu, Esc to quit)
Okay, then.
Okay, then.
Evoke which item? (* to show all) (? for menu, Esc to quit)
Okay, then.
You feel sick. The yak gores you!
You die... # #.#Y##### #ccYY@eE# ....EY###.# ##### .. ##

You could see 2 earth elementals, a deep elf mage, 4 yaks and 2 centaurs.

Vanquished Creatures
  The ghost of Capuchin the Protected, a novice MiFi of Okawaru (D:9)
  An ugly thing (D:11)
  A manticore (D:11)
  Maurice (D:10)
  Joseph (D:7)
  A gargoyle (D:7)
  3 trolls
  A hornet (D:10)
  Prince Ribbit (D:9)
  3 wyverns
  9 yaks
  A human (D:11)
  Eustachio (D:5)
  Grum (D:8)
  3 hogs (D:11)
  Menkaure (D:4)
  3 wargs (D:11)
  A water moccasin (D:11)
  3 phantoms
  10 orc warriors
  5 sky beasts
  3 ice beasts
  10 ogres
  A hornet zombie (D:8)
  A black bear (D:8)
  2 wolves (D:8)
  8 centaurs
  4 big kobolds
  7 bullfrogs
  A gnoll sergeant (D:11)
  3 scorpions (D:5)
  3 wights (D:7)
  A howler monkey (D:8)
  4 crimson imps
  2 quasits
  A bullfrog skeleton (D:11)
  2 centaur skeletons
  3 jellies
  12 orc priests
  5 hounds
  Crazy Yiuf (D:5)
  5 gnoll shamans (D:8)
  6 worker ants
  8 iguanas
  15 orc wizards
  A hound skeleton (D:10)
  A howler monkey zombie (D:10)
  10 adders
  10 gnolls
  A howler monkey skeleton (D:6)
  2 shadow imps
  An ooze (D:1)
  2 adder zombies
  An adder skeleton (D:6)
  2 worms (D:2)
  4 dart slugs
  5 leopard geckos
  43 orcs
  2 giant cockroaches
  9 goblins
  3 hobgoblins
  3 quokkas
  2 bats (D:2)
  10 frilled lizards
  A jackal skeleton (D:4)
  17 kobolds
  8 rats
  3 fungi (D:8)
  4 plants (D:8)
305 creatures vanquished.

Vanquished Creatures (others)
  3 fungi (D:8)
3 creatures vanquished.

Grand Total: 308 creatures vanquished

Notes
Turn   | Place    | Note
-------+----------+-------------------------------------------
     0 | D:1      | beholder the Centaur Hunter began the quest for the Orb.
     0 | D:1      | Reached XP level 1. HP: 17/17 MP: 1/1
    94 | D:1      | Reached XP level 2. HP: 25/25 MP: 2/2
   772 | D:2      | Reached skill level 6 in Bows
   772 | D:2      | Reached XP level 3. HP: 30/30 MP: 3/3
  1409 | D:3      | Reached XP level 4. HP: 38/38 MP: 4/4
  2054 | D:4      | Noticed Menkaure
  2064 | D:4      | Killed Menkaure
  2064 | D:4      | Reached skill level 7 in Bows
  2064 | D:4      | Reached XP level 5. HP: 31/47 MP: 5/5
  2149 | D:4      | Reached XP level 6. HP: 51/53 MP: 6/6
  2178 | D:4      | Reached skill level 8 in Bows
  2267 | D:4      | Reached skill level 5 in Fighting
  2764 | D:5      | Entered Level 5 of the Dungeon
  2905 | D:5      | Reached skill level 9 in Bows
  2962 | D:5      | Reached XP level 7. HP: 61/61 MP: 7/7
  3110 | D:5      | Reached skill level 10 in Bows
  3377 | D:5      | Reached skill level 11 in Bows
  3404 | D:5      | Noticed Eustachio
  3467 | D:6      | Reached XP level 8. HP: 68/68 MP: 8/8
  3764 | D:6      | Found a staircase to the Ecumenical Temple.
  3772 | Temple   | Entered the Ecumenical Temple
  3822 | Temple   | Became a worshipper of Warmaster Okawaru
  3956 | D:5      | Found a runed door.
  3960 | D:5      | Noticed Crazy Yiuf
  3964 | D:5      | Killed Crazy Yiuf
  3964 | D:5      | Reached skill level 12 in Bows
  4124 | D:5      | Killed Eustachio
  4461 | D:6      | Reached skill level 13 in Bows
  4810 | D:7      | Reached * piety under Okawaru
  4864 | D:7      | Reached skill level 14 in Bows
  4992 | D:7      | Reached skill level 1 in Invocations
  5087 | D:7      | Reached XP level 9. HP: 74/74 MP: 10/10
  5269 | D:7      | Noticed Joseph
  5281 | D:7      | Killed Joseph
  5281 | D:7      | Reached skill level 5 in Invocations
  5432 | D:7      | Noticed a gargoyle
  5461 | D:7      | Killed a gargoyle
  5461 | D:7      | Reached ** piety under Okawaru
  6778 | D:8      | Reached *** piety under Okawaru
  6778 | D:8      | Reached XP level 10. HP: 64/81 MP: 17/17
  7068 | D:8      | Reached skill level 10 in Invocations
  7135 | D:8      | Received a gift from Okawaru
  7702 | D:8      | Noticed Grum
  7717 | D:8      | Killed Grum
  7993 | D:9      | Noticed Prince Ribbit
  8005 | D:9      | Killed Prince Ribbit
  8145 | D:9      | Received a gift from Okawaru
  8275 | D:9      | Noticed Capuchin's ghost (novice MiFi)
  8467 | D:9      | Reached skill level 5 in Dodging
  8482 | D:9      | Reached **** piety under Okawaru
  8625 | D:9      | Killed Capuchin's ghost
  8625 | D:9      | Received a gift from Okawaru
  8893 | D:9      | Reached XP level 11. HP: 86/86 MP: 18/18
  8920 | D:9      | Found a staircase to the Orcish Mines.
  9115 | D:9      | Got a thick robe
  9127 | D:9      | Identified the +0 robe of Midwinter {-Cast rElec rF+ rCorr} (You took it off a crimson imp on level 9 of the Dungeon)
  9360 | D:10     | Entered Level 10 of the Dungeon
  9401 | D:10     | Reached ***** piety under Okawaru
  9402 | D:10     | Noticed Maurice
  9626 | D:10     | Killed Maurice
  9934 | D:10     | Received a gift from Okawaru
 10137 | D:10     | Found Mutuer Zaci's Antique Weapon Boutique.
 10795 | D:11     | Gained mutation: You are occasionally teleported next to monsters. [mutagenic meat]
 10974 | D:11     | Noticed a brown ugly thing
 11017 | D:11     | Killed a brown ugly thing
 11017 | D:11     | Received a gift from Okawaru
 11394 | D:11     | Received a gift from Okawaru
 11486 | D:11     | Found a staircase to the Lair.
 11934 | D:12     | Noticed a deep elf mage
 11974 | D:12     | Slain by a yak

Vault maps used:
D:1:      lightli_arrival_isolated_outpost
D:3:      solitary_fountain, minmay_crystal_room, hangedman_glass_teeth
D:4:      first_bread, kennysheep_small_circle, uniq_menkaure
D:5:      uniq_eustachio, uniq_crazy_yiuf_cottage
D:7:      uniq_joseph
D:8:      kennysheep_seaside_town, uniq_grum
D:9:      erik_orc_2, uniq_prince_ribbit1
D:10:     serial_shops, shop_fountains, uniq_maurice
D:11:     erik_lair_orcish_takeover, grunt_livestock, grunt_ministairs_10
D:12:     uniq_fannar
Temple:   minmay_crystal_snake_temple

Skill      XL: |  1  2  3  4  5  6  7  8  9 10 11 |
---------------+----------------------------------+-----
Bows           | 6 7 9 11 14 | 14.0
Fighting       | 3 4 5 |  5.0
Invocations    | 2 9 10 | 10.0
Dodging        | 6 9 |  9.6
Stealth        | |  0.4

Action                   |  1- 3 |  4- 6 |  7- 9 | 10-12 || total
-------------------------+-------+-------+-------+-------++-------
Melee: Short sword       |       |       |    11 |     1 ||    12
       Kick              |       |       |     1 |    33 ||    34
       Quarterstaff      |       |       |       |    71 ||    71
       Shortbow          |       |       |       |     1 ||     1
 Fire: Shortbow          |   107 |   141 |   519 |  1057 ||  1824
Invok: Heroism           |       |       |     1 |     5 ||     6
Evoke: Wand              |       |     6 |       |     3 ||     9
  Use: Scroll            |     1 |       |     7 |     2 ||    10
       Potion            |       |       |       |     5 ||     5
  Eat: Chunk             |       |     4 |     8 |    13 ||    25
Armor: Leather armour    |     7 |    13 |    52 |       ||    72
       Troll leather arm |       |       |    37 |   125 ||   162
Dodge: Dodged            |     6 |    22 |    38 |   177 ||   243
